 Dungeon Crawl Stone Soup version 0.28.0-43-g3370ac3207 (webtiles) character file.

Game seed: 9467507768407748860

72 issech the Cudgeller (level 4, -1/44 HPs)
             Began as a Troll Monk on Apr 2, 2022.
             Slain by a gnoll
             ... wielding a +2 halberd of protection
              (12 damage)
             ... on level 2 of the Dungeon.
             The game lasted 00:04:28 (1266 turns).

issech the Cudgeller (Troll Monk)                   Turns: 1266, Time: 00:04:29

Health: -1/44      AC:  4    Str: 19    XL:     4   Next: 7%
Magic:  3/3        EV: 10    Int:  6    God:
Gold:   34         SH:  0    Dex: 14    Spells: 3/3 levels left

rFire   . . .      SeeInvis .   a - +0 mace
rCold   . . .      Faith    .   (no shield)
rNeg    . . .      Spirit   .   b - +0 robe
rPois   .          Reflect  .   (helmet restricted)
rElec   .          Harm     .   (no cloak)
rCorr   .          Rampage  .   (gloves unavailable)
Will    .....                   (boots unavailable)
Stlth   ++........              (no amulet)
HPRegen 0.94/turn               (no ring)
MPRegen 0.08/turn               (no ring)

@: lethally poisoned (-1 -> -5)
A: large, unfitting armour, claws 3, regeneration 1, shaggy fur 1, tough skin 1
a: no special abilities


You were on level 2 of the Dungeon.
You visited 1 branch of the dungeon, and saw 2 of its levels.

You collected 34 gold pieces.

Inventory:

Hand Weapons
 a - a +0 mace (weapon)
Missiles
 c - 73 stones (quivered)
 d - 5 poisoned darts
 g - 50 arrows
 h - 20 bolts
Armour
 b - a +0 robe (worn)
Scrolls
 f - a scroll of identify {unknown}
 i - a scroll of fear {unknown}
 k - a scroll of enchant armour {unknown}
Potions
 e - 4 potions of heal wounds {unknown}
 j - a potion of brilliance {unknown}


   Skills:
 + Level 2.6 Fighting
 + Level 3.5 Maces & Flails
 + Level 3.1 Dodging
 + Level 1.2 Stealth


You had 3 spell levels left.
You didn't know any spells.
Your spell library contained the following spells:

 Spells                   Type           Power      Damage    Failure   Level
 Freeze                   Ice            0%         1d3       45%         1


Dungeon Overview and Level Annotations

Branches:
Dungeon (2/15)

Altars:


Innate Abilities, Weirdness & Mutations

You are too large for most types of armour.
You have claws for hands.
Your natural rate of healing is unusually fast.
You are covered in fur. (AC +1)
You have tough skin. (AC +1)


Message History

The goblin is severely wounded.
A gnoll comes into view.
It is wielding a +2 halberd of protection.
The goblin hits you with a +0 dagger.
You throw a stone. The gnoll shouts!
The stone hits the goblin.
You kill the goblin!
You closely miss the adder. The adder bites you but does no damage.
You miss the adder. The adder bites you but does no damage.
The ball python barely misses you.
The gnoll hits you from afar with a +2 halberd of protection!
The adder closely misses you.
The ball python bites you but does no damage.
The gnoll hits you from afar with a +2 halberd of protection.
You barely miss the adder. The adder barely misses you.
The ball python barely misses you.
The gnoll hits you from afar with a +2 halberd of protection!
The adder bites you.
You are poisoned.
The adder poisons you!
You closely miss the adder.
You feel sick. The ball python closely misses you.
The adder bites you but does no damage. The gnoll barely misses you.
The ball python completely misses you.
You feel sick. The adder closely misses you.
You feel sick. The adder bites you but does no damage.
You feel sick.
There is an open door here.
You closely miss the adder.
You feel sick. The adder bites you but does no damage. The adder bites you.
You are more poisoned.
The adder poisons you!
You hit the adder. You claw the adder.
The adder is heavily wounded.
You feel very sick. The adder bites you.
* * * LOW HITPOINT WARNING * * *
You are more poisoned.
The adder poisons you!
The gnoll hits you from afar with a +2 halberd of protection!
You die...

#..##..†...## #.#
#.##......## #.#
###......##( #.#
##......##.(# #.#
#......###..(### #.#
#+#......###.).###.#
# ###......###.gS#.#
# ###......###S#.# #
###......#@#.# #
###......#.# #
###......# #
###..#.#
##################.#
......>............#
####################


You could see a gnoll, an adder and a ball python.

Vanquished Creatures
  A gnoll (D:1)
  An adder (D:2)
  A dart slug (D:1)
  4 ball pythons
  3 endoplasms (D:1)
  2 giant cockroaches
  6 goblins
  5 hobgoblins
  7 jackals
  3 quokkas
  5 bats
  5 frilled lizards
  2 kobolds
  2 rats
47 creatures vanquished.

Vanquished Creatures (others)
  A plant (D:1)
1 creature vanquished.

Grand Total: 48 creatures vanquished

Notes
Turn   | Place    | Note
-------+----------+-------------------------------------------
     0 | D:1      | issech the Troll Monk began the quest for the Orb.
     0 | D:1      | Reached XP level 1. HP: 22/22 MP: 0/0
   200 | D:1      | Reached XP level 2. HP: 26/29 MP: 1/1
   348 | D:1      | Reached XP level 3. HP: 32/36 MP: 2/2
   733 | D:1      | Found a faded altar of an unknown god.
   744 | D:1      | Got Plato's Catalogue of Snow
  1177 | D:2      | Reached XP level 4. HP: 44/44 MP: 3/3
  1266 | D:2      | Slain by a gnoll

Illustrated notes

Levels and vault maps discovered:
D:1:      dpeg_arrival_orchard, layout_basic,
          shapermc_ecumenical_altar_rom_forum, chequers_garden,
          supply_closet_lemuel
D:2:      minmay_razor_zed, layout_basic

Skill      XL: |  1  2  3 |
---------------+----------+-----
Maces & Flails | 3 |  3.5
Dodging        | 3 |  3.1
Fighting       | |  2.6
Stealth        | |  1.2

Action                   |  1- 3 |  4- 6 || total
-------------------------+-------+-------++-------
Melee: Mace              |   163 |    12 ||   175
       Punch             |     1 |     1 ||     2
Throw: Stone             |       |    10 ||    10
 Stab: Sleeping          |     2 |       ||     2
Armor: Robe              |    72 |    10 ||    82
Dodge: Dodged            |    96 |    14 ||   110
